 Dungeon Crawl Stone Soup version 0.25-a0-1119-g28b6fd0 (webtiles) character file.

Game seed: 8943130717251615483, levelgen mode: deterministic

12700 vertexvortex the Slicer (level 11, -2/83 HPs)
             Began as a Merfolk Assassin on May 16, 2020.
             Slain by a black mamba (11 damage)
             ... on level 1 of the Lair of Beasts on May 18, 2020.
             The game lasted 01:19:01 (17432 turns).

vertexvortex the Slicer (Merfolk Assassin)         Turns: 17432, Time: 01:19:02

Health: -2/83      AC: 11    Str: 12    XL:     11   Next: 97%
Magic:  11/11      EV: 15    Int: 11    God:
Gold:   640        SH:  5    Dex: 18    Spells: 3/10 levels left

rFire    + + .     SeeInvis .   g - +2 whip (venom)
rCold    . . .     Gourm    .   z - +0 buckler
rNeg     . . .     Faith    .   p - +2 leather armour {rF+}
rPois    .         Spirit   .   F - +0 helmet
rElec    .         Reflect  .   c - +0 cloak
rCorr    +         Harm     .   k - +2 pair of gloves
MR       .....                  j - +0 pair of boots
Stlth    +++++.....             (no amulet)
HPRegen  0.23/turn              r - ring of resist corrosion
MPRegen  0.12/turn              A - ring of stealth

@: lethally poisoned (-2 -> -28)
A: change form in water, swift swim, stealthy swim, fire resistance 1, frail 1,
wild magic 1
a: no special abilities


You were on level 1 of the Lair of Beasts.
You were not hungry.

You visited 3 branches of the dungeon, and saw 13 of its levels.

You collected 640 gold pieces.

Inventory:

Hand Weapons
 a - a +3 dagger
 g - a +2 whip of venom (weapon)
 B - a +2 spear of distortion
Missiles
 q - a curare-tipped dart
 t - 6 poisoned darts (quivered)
 v - 7 boomerangs
Armour
 b - a +0 robe
 c - a +0 cloak (worn)
 i - a +0 ring mail
 j - a +0 pair of boots (worn)
 k - a +2 pair of gloves (worn)
 o - a +0 tower shield
 p - a +2 leather armour of fire resistance (worn)
 z - a +0 buckler (worn)
 F - a +0 helmet (worn)
 H - a cursed +0 robe
 I - +0 swamp dragon scales
Magical Staves
 x - an uncursed staff of fire {unknown}
Jewellery
 e - an uncursed amulet of faith
 r - a ring of resist corrosion (left hand)
 A - a ring of stealth (right hand)
Wands
 C - a wand of digging (6)
 D - a wand of random effects (33)
 E - a wand of polymorph (10)
 J - a wand of iceblast (7)
Scrolls
 l - 6 scrolls of identify
 m - 5 scrolls of remove curse
 n - a scroll of noise {unknown}
 u - 2 scrolls of enchant armour
 y - 3 scrolls of enchant weapon
 G - a scroll of amnesia
Potions
 d - a potion of berserk rage {unknown}
 h - a potion of brilliance
 w - 2 potions of flight
Comestibles
 f - 17 rations
 s - a chunk of flesh


   Skills:
 + Level 11.1 Fighting
 + Level 11.9 Short Blades
 - Level 4.6 Throwing
 - Level 3.0 Armour
 - Level 5.0 Dodging
 - Level 8.2 Stealth
 - Level 4.4 Shields
 * Level 6.0 Hexes
 - Level 3.4 Summonings


You had 3 spell levels left.
You knew the following spells:

 Your Spells              Type           Power        Failure   Level  Hunger
a - Summon Butterflies    Summ           #.......     16%         1    ##.....
b - Invisibility          Hex            ###.....     100%        6    #######

Your spell library contained the following spells:

 Spells                   Type           Power        Failure   Level  Hunger
 Corona                   Hex            ###....      6%          1    ##.....
 Summon Small Mammal      Summ           #...         16%         1    ##.....
 Tukima's Dance           Hex            ###.....     17%         3    ####...
 Animate Skeleton         Necr           N/A          50%         1    ##.....
 Apportation              Tloc           #.....       50%         1    ##.....
 Beastly Appendage        Tmut           #.....       50%         1    ##.....
 Sticks to Snakes         Tmut           #.......     65%         2    ###....
 Lesser Beckoning         Tloc           #.........   86%         3    ####...
 Spider Form              Tmut/Pois      #.........   86%         3    ####...
 Ice Form                 Ice/Tmut       #.......     99%         4    #####..
 Alistair's Intoxication  Tmut/Pois      #.......     100%        5    ######.
 Blade Hands              Tmut           #.........   100%        5    ######.


Dungeon Overview and Level Annotations

Branches:
Dungeon (10/15)            Temple (1/1) D:4            Lair (2/6) D:9
  Swamp: Lair:2-4    Shoals: Lair:2-4     Snake: Lair:2-4    Spider: Lair:2-4
    Orc: D:9-12

Altars:
Ashenzari
Cheibriados
Dithmenos
Elyvilon
Fedhas
Gozag
Hepliaklqana
Kikubaaqudgha
Makhleb
Nemelex Xobeh
Okawaru
Qazlal
Ru
Sif Muna
Trog
Uskayaw
Vehumet
Wu Jian
Xom
Yredelemnul
Zin
The Shining One

Shops:
D:5 =   D:6 [


Innate Abilities, Weirdness & Mutations

You revert to your normal form in water.
You are very nimble and swift while swimming.
You are very stealthy in the water. (Stealth+)
Your flesh is heat resistant. (rF+)
You are frail. (-10% HP)
Your spells are a little harder to cast, but a little more powerful.


Message History

You barely miss the black mamba. The black mamba bites you!
You are poisoned.
The black mamba poisons you! The black mamba bites you!
You block the black mamba's attack. The black mamba bites you!
You miss the black mamba.
You feel sick. The black mamba bites you!
You are lethally poisoned!
The black mamba poisons you! You block the black mamba's attack. x3
You hit the black mamba.
The black mamba is lightly wounded.
You feel very sick. The black mamba closely misses you.
The black mamba misses you. You block the black mamba's attack.
The black mamba barely misses you.
You hit the black mamba.
The black mamba is lightly wounded.
* * * LOW HITPOINT WARNING * * *
You feel very sick. You block the black mamba's attack.
The black mamba bites you!
* * * LOW HITPOINT WARNING * * *
The black mamba bites you!
You die...

......................#..÷.÷#...#
......................##...##...#
......................###.##....#
.......................#####....#
......P...P............####.....#
..........#.....................#
...#######......................#
>†##.##.###.....S................
..#P......#.....@S...####.#.##..#
..##..##.[##≈........#.......#..#
..##.P###.#≈≈≈.......+.......+...
..##...####≈≈........#.......#..#
...#PP..####≈........'...........
..)##..##P.##........#..........#
....##.#....#.P......#.#.P#.#...#
...P##....###...................#
...##P.P####....................#


You could see 2 black mambas.

Vanquished Creatures
  2 two-headed ogres (D:9)
  A death yak (D:9)
  Pikel (D:4)
  A black mamba (Lair:1)
  Joseph (D:8)
  A spiny frog (Lair:1)
  Maggie (D:8)
  3 polar bears (Lair:1)
  5 hippogriffs
  A wyvern (Lair:1)
  A wraith (D:9)
  4 hogs
  Eustachio (D:4)
  3 basilisks
  3 humans
  A hungry ghost (D:8)
  8 yaks
  Edmund (D:5)
  A water moccasin (Lair:1)
  Duvessa (D:4)
  A porcupine (Lair:2)
  3 ice beasts
  2 sky beasts
  2 orc warriors
  4 black bears
  8 ogres
  4 centaurs
  2 phantoms (D:6)
  2 crocodiles
  A big kobold (D:7)
  4 bullfrogs
  Dowan (D:4)
  A scorpion (D:6)
  6 killer bees
  A vampire bat (Lair:1)
  A howler monkey (D:4)
  3 crimson imps
  6 hounds
  4 jellies
  4 orc wizards
  2 iguanas (D:5)
  7 worker ants
  A hound zombie (D:7)
  A hound skeleton (D:9)
  3 gnolls (D:7)
  12 adders
  2 shadow imps
  2 oozes
  An adder zombie (D:6)
  3 adder skeletons
  4 worms
  A dart slug (D:2)
  7 leopard geckos
  25 orcs
  7 giant cockroaches
  5 hobgoblins
  10 jackals
  2 quokkas
  5 ball pythons
  14 bats
  9 frilled lizards
  9 goblins
  10 kobolds
  A quokka skeleton (D:4)
  8 rats
252 creatures vanquished.

Vanquished Creatures (collateral kills)
  A bullfrog (D:7)
  2 orc priests (D:7)
  An adder (D:7)
  An orc (D:7)
5 creatures vanquished.

Vanquished Creatures (others)
  An orc wizard (D:9)
  2 plants (Lair:2)
3 creatures vanquished.

Grand Total: 260 creatures vanquished

Notes
Turn   | Place    | Note
-------+----------+-------------------------------------------
     0 | D:1      | vertexvortex the Merfolk Assassin began the quest for the
                  | Orb.
     0 | D:1      | Reached XP level 1. HP: 16/16 MP: 1/1
   161 | D:1      | Reached XP level 2. HP: 23/23 MP: 2/2
   587 | D:1      | Reached XP level 3. HP: 26/28 MP: 3/3
  1297 | D:2      | Reached XP level 4. HP: 17/35 MP: 4/4
  2283 | D:2      | Found a sacrificial altar of Ru.
  3058 | D:3      | Reached XP level 5. HP: 33/42 MP: 5/5
  3337 | D:3      | Upgraded the game from 0.25-a0-1114-g48d22fd to
                  | 0.25-a0-1119-g28b6fd0
  3914 | D:4      | Noticed an ogre
  3930 | D:4      | Killed an ogre
  3930 | D:4      | Reached skill level 5 in Short Blades
  3930 | D:4      | Reached XP level 6. HP: 49/49 MP: 6/6
  3931 | D:4      | Noticed Dowan
  3939 | D:4      | Noticed Duvessa
  4086 | D:3      | Found an opulent altar of Gozag.
  4086 | D:3      | Found a sparkling altar of Nemelex Xobeh.
  4087 | D:3      | Found a stormy altar of Qazlal.
  4342 | D:4      | Killed Duvessa
  4365 | D:4      | Killed Dowan
  4365 | D:4      | Reached skill level 5 in Fighting
  4365 | D:4      | Reached XP level 7. HP: 46/56 MP: 7/7
  4523 | D:4      | Noticed Eustachio
  4547 | D:4      | Killed Eustachio
  4658 | D:4      | Found a staircase to the Ecumenical Temple.
  4667 | Temple   | Entered the Ecumenical Temple
  5235 | D:4      | Noticed Pikel
  5275 | D:4      | Killed Pikel
  5275 | D:4      | Reached skill level 5 in Stealth
  5275 | D:4      | Reached XP level 8. HP: 55/67 MP: 8/8
  5620 | D:5      | Entered Level 5 of the Dungeon
  6004 | D:5      | Found a shimmering altar of Xom.
  6349 | D:5      | Found Riyloqopu's Jewellery Shop.
  6350 | D:5      | Noticed Edmund
  6395 | D:5      | Killed Edmund
  6395 | D:5      | Reached XP level 9. HP: 35/74 MP: 9/9
  6907 | D:6      | Found Fajyrgh's Armour Boutique.
  7511 | D:6      | Found a bloodstained altar of Trog.
  7534 | D:6      | Reached skill level 10 in Short Blades
  7568 | D:6      | Reached skill level 1 in Shields
  8054 | D:6      | Reached skill level 1 in Armour
  8338 | D:6      | Learned a level 1 spell: Summon Butterflies
  8345 | D:6      | Learned a level 6 spell: Invisibility
  8804 | D:7      | Reached skill level 1 in Hexes
  8804 | D:7      | Reached skill level 1 in Summonings
  8977 | D:7      | Reached XP level 10. HP: 53/83 MP: 10/10
 10391 | D:8      | Noticed Maggie
 10394 | D:8      | Noticed Joseph
 10446 | D:8      | Killed Maggie
 10947 | D:8      | Killed Joseph
 11657 | D:8      | Gained mutation: Your flesh is heat resistant. (rF+)
                  | [potion of mutation]
 11657 | D:8      | Gained mutation: You are frail. (-10% HP) [potion of
                  | mutation]
 11657 | D:8      | Gained mutation: Your spells are a little harder to cast,
                  | but a little more powerful. [potion of mutation]
 11703 | D:9      | Noticed a two-headed ogre
 11845 | D:9      | Killed a two-headed ogre
 12092 | D:9      | Reached skill level 5 in Dodging
 12272 | D:10     | Entered Level 10 of the Dungeon
 12284 | D:10     | Noticed a gargoyle
 12317 | D:9      | Reached XP level 11. HP: 31/81 MP: 11/11
 12332 | D:9      | Noticed a death yak
 12394 | D:9      | Killed a death yak
 12394 | D:9      | Reached skill level 10 in Fighting
 12887 | D:9      | Found a staircase to the Lair.
 13221 | D:9      | Found an iron altar of Okawaru.
 14026 | D:10     | Noticed a two-headed ogre
 14079 | D:9      | Killed a two-headed ogre
 14127 | Lair:1   | Entered Level 1 of the Lair of Beasts
 14354 | D:9      | Reached skill level 5 in Hexes
 17328 | Lair:2   | Noticed a catoblepas
 17423 | Lair:2   | Found a white marble altar of Elyvilon.
 17432 | Lair:1   | Slain by a black mamba

Illustrated notes

Levels and vault maps discovered:
D:1:      wander_arrival_chamber, layout_loops_ring
D:2:      layout_basic, nicolae_ru_the_path_less_chosen, minmay_quadrilaterals
D:3:      layout_loops_ring, gammafunk_temple_overflow_claw
D:4:      layout_basic, minmay_temple_entry_arrows, serial_co_window_serial,
          co_window_paths_b, co_window_paths_b, co_window_paths_b,
          co_window_paths_a, co_window_paths_a, co_window_unsneaky_path_e,
          co_window_corner_cb, co_window_2corner, co_window_unsneaky_path_a,
          co_window_cross_4, glass_columns_b, glass_columns_a, glass_columns_a,
          uniq_duvessa, uniq_pikel, uniq_eustachio
D:5:      layout_rooms, serial_shops, shop, first_ration,
          minmay_stone_trees_medium, dk_xom_monty_hall, uniq_edmund
D:6:      layout_loops_cross, nicolae_overflow_crystal_walls, serial_shops,
          nicolae_shop_trees
D:7:      layout_loops_ring
D:8:      layout_basic, grunt_livestock, hangedman_abyss_or_decor_stabs,
          uniq_joseph, uniq_maggie
D:9:      layout_cave_pods, okawaru_humans, david_lair_generic
D:10:     layout_rooms, minmay_statue_bubble
Temple:   regret_index_temple_generic_petals
Lair:1:   beast_lair_carwin_large_2, layout_chaotic_city, roderic_batcave,
          lemuel_fruit_fields
Lair:2:   layout_roguey, palyth_hydra_swamp_entry,
          minmay_snake_entry_six_corridors, gauntlet_entry_generic, basic_altar,
          uniq_erica

Skill      XL: |  1  2  3  4  5  6  7  8  9 10 11 |
---------------+----------------------------------+-----
Short Blades   | 3 4 5 7 9 10 11 | 11.9
Fighting       | 3 4 5 7 8 9 11 | 11.1
Throwing       | 3 4 |  4.6
Stealth        | 5 6 7 8 |  8.2
Shields        | 2 4 |  4.4
Armour         | 1 3 |  3.0
Dodging        | 2 5 |  5.0
Hexes          | 1 3 6 |  6.0
Summonings     | 1 3 |  3.4

Action                   |  1- 3 |  4- 6 |  7- 9 | 10-12 || total
-------------------------+-------+-------+-------+-------++-------
Melee: Dagger            |    66 |   154 |   377 |   674 ||  1271
       Whip              |    13 |     1 |       |    17 ||    31
Throw: Dart              |    10 |    48 |    91 |   220 ||   369
       Stone             |       |     6 |       |       ||     6
       Boomerang         |       |       |       |    17 ||    17
 Cast: Summon Butterflie |       |       |       |     8 ||     8
Evoke: Wand              |       |       |       |    12 ||    12
  Use: Scroll            |     4 |       |     8 |     2 ||    14
       Potion            |       |     3 |       |    11 ||    14
 Stab: Sleeping          |     7 |     7 |    13 |    14 ||    41
       Distracted        |       |       |     2 |       ||     2
  Eat: Chunk             |     1 |     6 |    12 |    16 ||    35
       Ration            |       |     1 |     1 |     4 ||     6
Armor: Robe              |    25 |    32 |     6 |       ||    63
       Leather armour    |       |       |    66 |   221 ||   287
Dodge: Dodged            |    52 |    79 |   139 |   389 ||   659
Block: Buckler           |       |       |    21 |   160 ||   181

Table legend:
 A = Non-vault XP
 B = Vault XP
 C = Vault XP percentage of total XP
 D = Non-vault monster count
 E = Vault monster count
 F = Vault count percentage of total count
                 A         B        C        D         E       F
            +---------+---------+-------+---------+---------+-------
      Total |   11822 |    6321 |  34.8 |     216 |      42 |  16.3
            +---------+---------+-------+---------+---------+-------
        D:1 |      42 |       0 |   0.0 |      23 |       0 |   0.0
        D:2 |      74 |      33 |  30.8 |      19 |       7 |  26.9
        D:3 |     151 |       0 |   0.0 |      28 |       0 |   0.0
        D:4 |     645 |    1057 |  62.1 |      15 |       4 |  21.1
        D:5 |     270 |     252 |  48.3 |       7 |       4 |  36.4
        D:6 |    1307 |       0 |   0.0 |      27 |       0 |   0.0
        D:7 |    1363 |     200 |  12.8 |      36 |       1 |   2.7
        D:8 |     781 |    1610 |  67.3 |       7 |       6 |  46.2
        D:9 |    3939 |    1840 |  31.8 |      38 |       6 |  13.6
       D:10 |      46 |       0 |   0.0 |       2 |       0 |   0.0
     Lair:1 |    2709 |    1329 |  32.9 |      11 |      14 |  56.0
     Lair:2 |     495 |       0 |   0.0 |       3 |       0 |   0.0
            +---------+---------+-------+---------+---------+-------
